Selects Panzerjäger Kommand Battlegroup
Construct Light Support Kompanie
Selects GrB 39 Grenade Launcher Requisition
Construct Mechanized Kompanie
Marder III Tank Destroyer
Selects Crew Shock Tactics
Marder III Tank Destroyer
Construct Panzerarmee Kommand
254 Reconnaissance Tractor
18-tonne Recovery Half-track
Flak 36 Anti-tank Gun Team
Walking Stuka Rocket Launcher
Selects Elefant Tank Destroyer
18-tonne Recovery Half-track
Selects Butterfly Bomb Drop
Flak 36 Anti-tank Gun Team